HSSL
BUCHANAN HS @ MARIS SCHOOL
04/04/2024
 
TOP OF THE 1ST
Buchanan HS batting - Pitching for Maris School : LHP Brant Goff
Pitching: LHP Brant Goff
Batting: SHB Ken Gibson 0-0: Ball
1-0: Called Strike
1-1: Called Strike
1-2: Ground out 4-3 (Groundball, 4)
Batting: RHB Dave Sawyer 0-0: Ball
1-0: SINGLE (Line Drive, 8RS)
Batting: RHB Ken Miller 0-0: Fielders Choice at 2nd, 5-4 (Groundball, 56)
Batting: RHB Jason Stover 0-0: Called Strike
Ken Miller is caught stealing 2nd base
Top of the 1st over - 0 run(s), 1 hit(s), 0 error(s), 0 left on base; Buchanan HS 0 - Maris School 0
BOTTOM OF THE 1ST
Maris School batting - Pitching for Buchanan HS : RHP Erik Hale
Pitching: RHP Erik Hale
Batting: RHB Jason Ward 0-0: Ball
1-0: Ball
2-0: Called Strike
2-1: SINGLE (Groundball, 56D)
Batting: RHB John Scammell 0-0: Called Strike
0-1: Ball
1-1: Called Strike
Jason Ward steals 2nd base
1-2: SINGLE (Line Drive, 34D)
Jason Ward to third
Runner from 3rd tries for Home, throw and OUT!
Now in RF: Andrew Lockhart
Batting: RHB Dan Duckworth 0-0: Called Strike
0-1: Ball
1-1: Foul Ball, location: 2F
1-2: Ball
2-2: Foul Ball, location: 2F
2-2: Foul Ball, location: 2F
2-2: Ball
3-2: Foul Ball, location: 2F
3-2: Base on Balls
John Scammell to second
Batting: LHB Denny Poole 0-0: Called Strike
0-1: Called Strike
0-2: 3-RUN HOME RUN (Flyball, 78XD), Distance : 427 ft
Batting: RHB Denis Miller 0-0: Ball
1-0: Ground out 1-3 (Groundball, 13S)
Batting: RHB Bruce Adams 0-0: Swinging Strike
0-1: Foul Ball, location: 2F
0-2: Ball
1-2: Ground out 1-3 (Groundball, 15)
Bottom of the 1st over - 3 run(s), 3 hit(s), 0 error(s), 0 left on base; Buchanan HS 0 - Maris School 3
TOP OF THE 2ND
Buchanan HS batting - Pitching for Maris School : LHP Brant Goff
Batting: LHB Andrew Lockhart 0-0: Ball
1-0: Ground out 5-3 (Groundball, 56)
Batting: RHB Mike Willis 0-0: Ball
1-0: Fly out, F9 (Flyball, 9M)
Batting: RHB Ryan Lyon 0-0: Called Strike
0-1: Ball
1-1: Fly out, F4 (Line Drive, 4M)
Top of the 2nd over - 0 run(s), 0 hit(s), 0 error(s), 0 left on base; Buchanan HS 0 - Maris School 3
BOTTOM OF THE 2ND
Maris School batting - Pitching for Buchanan HS : RHP Erik Hale
Batting: RHB Marshall Normore 0-0: Ball
1-0: Swinging Strike
1-1: Ball
2-1: Ball
3-1: Base on Balls
Batting: RHB Jared Chávez 0-0: Ball
1-0: Ball
2-0: Ball
3-0: Base on Balls
Marshall Normore to second
Batting: RHB Phil Poole 0-0: DOUBLE (Line Drive, 3L)
Marshall Normore scores
Jared Chávez to third
Batting: RHB Jason Ward 0-0: Called Strike
0-1: Swinging Strike
0-2: Ball
1-2: Ball
2-2: Strikes out swinging
Batting: RHB John Scammell 0-0: Ball
1-0: Swinging Strike
1-1: Swinging Strike
1-2: Ball
2-2: Foul Ball, location: 2F
2-2: Foul Ball, location: 2F
2-2: Foul Ball, location: 2F
2-2: Ball
3-2: Base on Balls
Batting: RHB Dan Duckworth 0-0: Ball
1-0: Ball
2-0: SINGLE (Line Drive, 89S)
Jared Chávez scores
Phil Poole to third
John Scammell to second
Batting: LHB Denny Poole 0-0: Called Strike
0-1: Ball
1-1: Swinging Strike
1-2: Foul Ball, location: 2F
1-2: Ball
2-2: SINGLE (Flyball, 7S)
Phil Poole scores
John Scammell to third
Dan Duckworth to second
Runner from 3rd tries for Home, SAFE, throw made home
Dan Duckworth to third
Denny Poole to second
Batting: RHB Denis Miller 0-0: Ball
1-0: Foul Ball, location: 2F
1-1: Ball
2-1: Ball
3-1: Foul Ball, location: 2F
3-2: Foul Ball, location: 2F
3-2: 3-RUN HOME RUN (Flyball, 7D), Distance : 399 ft
Pitching: RHP Mark Harris
Batting: RHB Bruce Adams 0-0: SINGLE (Groundball, 56S)
Batting: RHB Marshall Normore 0-0: Ball
1-0: Ball
2-0: Reached on error, E5 (Groundball, 56)
Bruce Adams to second
Pitching: LHP John Dunworth
Batting: RHB Jared Chávez 0-0: Ball
1-0: Ball
2-0: SINGLE (Line Drive, 56D)
Bruce Adams to third
Marshall Normore to second
Batting: RHB Phil Poole 0-0: Called Strike
0-1: Foul Ball, location: 2F
0-2: Foul Ball, location: 2F
0-2: Fly out, F8 (Line Drive, 8LM)
Runner from 3rd tags up, SCORES, no throw
Batting: RHB Jason Ward 0-0: Ball
1-0: Foul Ball, location: 2F
1-1: Ground out 1-3 (Groundball, 15)
Bottom of the 2nd over - 8 run(s), 6 hit(s), 1 error(s), 2 left on base; Buchanan HS 0 - Maris School 11
TOP OF THE 3RD
Buchanan HS batting - Pitching for Maris School : LHP Brant Goff
Now at 2B: Wayne Scott
Batting: RHB Allen Miller 0-0: Ball
1-0: Ball
2-0: Ball
3-0: Called Strike
3-1: Foul Ball, location: 2F
3-2: Fly out, F7 (Flyball, 78S)
Batting: RHB Michael Elliott 0-0: Swinging Strike
0-1: Ball
1-1: Ball
2-1: Foul Ball, location: 2F
2-2: Strikes out swinging
Batting: RHB Ernie Ross 0-0: Ball
1-0: DOUBLE (Line Drive, 78M)
Batting: SHB Ken Gibson 0-0: Ball
1-0: Ball
2-0: Called Strike
2-1: Called Strike
2-2: Foul Ball, location: 2F
2-2: Foul Ball, location: 2F
2-2: Strikes out looking
Top of the 3rd over - 0 run(s), 1 hit(s), 0 error(s), 1 left on base; Buchanan HS 0 - Maris School 11
BOTTOM OF THE 3RD
Maris School batting - Pitching for Buchanan HS : LHP John Dunworth
Batting: RHB Wayne Scott 0-0: Fly out, F4 (Popup, 4D)
Batting: RHB Dan Duckworth 0-0: Ball
1-0: Foul Ball, location: 2F
1-1: Ball
2-1: Called Strike
2-2: Fly out, F2 (Popup, 2RF)
Batting: LHB Denny Poole 0-0: Foul Ball, location: 2F
0-1: Foul Ball, location: 2F
0-2: Ball
1-2: Ball
2-2: Ground out 4-3 (Groundball, 34)
Bottom of the 3rd over - 0 run(s), 0 hit(s), 0 error(s), 0 left on base; Buchanan HS 0 - Maris School 11
TOP OF THE 4TH
Buchanan HS batting - Pitching for Maris School : LHP Brant Goff
Batting: RHB Dave Sawyer 0-0: Called Strike
0-1: Foul Ball, location: 2F
0-2: Strikes out swinging
Batting: RHB Ken Miller 0-0: Ball
1-0: Ball
2-0: Ball
3-0: Called Strike
3-1: Base on Balls
Batting: LHB Andrew Lockhart 0-0: Called Strike
0-1: Ball
1-1: Called Strike
1-2: Ball
2-2: Foul Ball, location: 2F
2-2: Strikes out swinging
Batting: RHB Mike Willis 0-0: Ground out 1-3 (Groundball, 15)
Top of the 4th over - 0 run(s), 0 hit(s), 0 error(s), 1 left on base; Buchanan HS 0 - Maris School 11
BOTTOM OF THE 4TH
Maris School batting - Pitching for Buchanan HS : LHP John Dunworth
Batting: RHB Denis Miller 0-0: Called Strike
0-1: SINGLE (Groundball, 4MD)
Batting: RHB Bruce Adams 0-0: DOUBLE (Groundball, 5L)
Denis Miller to third
Batting: RHB Marshall Normore 0-0: Hit by Pitch
Batting: RHB Jared Chávez 0-0: Ball
1-0: SINGLE (Groundball, 5D)
Denis Miller scores
Bruce Adams to third
Marshall Normore to second
Batting: RHB Phil Poole 0-0: Ball
1-0: Ball
2-0: Swinging Strike
2-1: Foul Ball, location: 2F
2-2: Foul Ball, location: 2F
2-2: Ball
3-2: Foul Ball, location: 2F
3-2: Base on Balls
Bruce Adams scores
Marshall Normore to third
Jared Chávez to second
Batting: RHB Jason Ward 0-0: Ball
Wild Pitch!
Marshall Normore scores
Jared Chávez to third
Phil Poole to second
1-0: Ball
2-0: Fly out, F8 (Line Drive, 8LXD)
Runner from 3rd tags up, SCORES, no throw
Phil Poole to third
Pitching: LHP Paul Hart
Batting: RHB Wayne Scott 0-0: Foul Ball, location: 2F
0-1: Ball
1-1: Ball
2-1: Ball
3-1: Fly out, F8 (Flyball, 8LM)
Runner from 3rd tags up, SCORES, no throw
Batting: RHB Dan Duckworth 0-0: Ball
1-0: Called Strike
1-1: SINGLE (Flyball, 7S)
Batting: LHB Denny Poole 0-0: Ball
1-0: Called Strike
1-1: Swinging Strike
1-2: DOUBLE (Flyball, 78M)
Dan Duckworth to third
Runner from 3rd tries for Home, SAFE, no throw or cutoff
Batting: RHB Denis Miller 0-0: Ball
1-0: Foul Ball, location: 2F
1-1: Ground out 6-3 (Groundball, 6)
Bottom of the 4th over - 6 run(s), 5 hit(s), 0 error(s), 1 left on base; Buchanan HS 0 - Maris School 17
TOP OF THE 5TH
Buchanan HS batting - Pitching for Maris School : LHP Brant Goff
Batting: RHB Ryan Lyon 0-0: Swinging Strike
0-1: SOLO HOME RUN (Flyball, 7D), Distance : 402 ft
Batting: RHB Allen Miller 0-0: Called Strike
0-1: Ball
1-1: Ball
2-1: Foul Ball, location: 2F
2-2: Strikes out swinging
Batting: RHB Michael Elliott 0-0: Swinging Strike
0-1: Ball
1-1: SOLO HOME RUN (Flyball, 7LD), Distance : 371 ft
Batting: RHB Ernie Ross 0-0: Ball
1-0: Ball
2-0: Ball
3-0: Base on Balls
Batting: SHB Ken Gibson 0-0: Swinging Strike
0-1: Swinging Strike
0-2: Strikes out swinging
Batting: RHB Dave Sawyer 0-0: Ball
1-0: Foul Ball, location: 2F
1-1: Foul Ball, location: 2F
1-2: Ball
2-2: Strikes out swinging
Top of the 5th over - 2 run(s), 2 hit(s), 0 error(s), 1 left on base; Buchanan HS 2 - Maris School 17
BOTTOM OF THE 5TH
Maris School batting - Pitching for Buchanan HS : LHP Paul Hart
Batting: RHB Bruce Adams 0-0: Ball
1-0: Ball
2-0: Foul Ball, location: 2F
2-1: Foul Ball, location: 2F
2-2: Strikes out swinging
Batting: RHB Marshall Normore 0-0: SINGLE (Groundball, 3L)
Batting: RHB Jared Chávez 0-0: SINGLE (Line Drive, 78S)
Marshall Normore to second
Batting: RHB Phil Poole 0-0: Foul Ball, location: 2F
0-1: Ball
1-1: Foul Ball, location: 2F
1-2: Ball
2-2: Foul Ball, location: 2F
2-2: Fly out, F8 (Flyball, 89M)
Batting: RHB Jason Ward 0-0: Ball
1-0: Swinging Strike
1-1: Fielders Choice at 2nd, U6 (Groundball, 6M)
Bottom of the 5th over - 0 run(s), 2 hit(s), 0 error(s), 2 left on base; Buchanan HS 2 - Maris School 17
TOP OF THE 6TH
Buchanan HS batting - Pitching for Maris School : LHP Brant Goff
Batting: RHB Ken Miller 0-0: Reached on error, E4 (Groundball, 4)
Batting: LHB Andrew Lockhart 0-0: Ground out 6-3 (Groundball, 6)
Ken Miller to third
Batting: RHB Mike Willis 0-0: SINGLE (Groundball, 34S)
Ken Miller scores
Batting: RHB Ryan Lyon 0-0: Called Strike
0-1: Swinging Strike
0-2: Ball
1-2: Foul Ball, location: 2F
1-2: Foul Ball, location: 2F
1-2: Strikes out swinging
Pitching: RHP Frank Phillips
Batting: RHB Allen Miller 0-0: Ball
1-0: Called Strike
1-1: Foul Ball, location: 2F
1-2: Ball
2-2: Ball
3-2: Foul Ball, location: 2F
3-2: Fly out, F6 (Popup, 6S)
Top of the 6th over - 1 run(s), 1 hit(s), 1 error(s), 1 left on base; Buchanan HS 3 - Maris School 17
BOTTOM OF THE 6TH
Maris School batting - Pitching for Buchanan HS : LHP Paul Hart
Batting: RHB Wayne Scott 0-0: Ball
1-0: Ground out 4-3 (Groundball, 4)
Batting: RHB Dan Duckworth 0-0: Ball
1-0: Ball
2-0: Ground out 6-3 (Groundball, 6)
Batting: LHB Denny Poole 0-0: Foul Ball, location: 2F
0-1: Ball
1-1: SINGLE (Flyball, 7LM)
Batting: RHB Denis Miller 0-0: Called Strike
0-1: Ball
1-1: SINGLE (Groundball, 5)
Denny Poole to second
Batting: RHB Bruce Adams 0-0: Ball
1-0: Called Strike
1-1: Ball
2-1: Foul Ball, location: 2F
2-2: Ball
3-2: Foul Ball, location: 2F
3-2: Strikes out swinging
Bottom of the 6th over - 0 run(s), 2 hit(s), 0 error(s), 2 left on base; Buchanan HS 3 - Maris School 17
TOP OF THE 7TH
Buchanan HS batting - Pitching for Maris School : RHP Frank Phillips
Batting: RHB Michael Elliott 0-0: Ball
1-0: Called Strike
1-1: Ball
2-1: Foul Ball, location: 2F
2-2: Reached on error, E4 (Groundball, 4)
Batting: RHB Ernie Ross 0-0: Foul Ball, location: 2F
0-1: Ball
1-1: Ball
2-1: Ball
3-1: Fly out, F7 (Flyball, 78M)
Batting: SHB Ken Gibson 0-0: Fly out, F7 (Flyball, 7LMF)
Batting: RHB Dave Sawyer Pickoff Throw to First - Out!
Top of the 7th over - 0 run(s), 0 hit(s), 1 error(s), 0 left on base; Buchanan HS 3 - Maris School 17
BOTTOM OF THE 7TH
Maris School batting - Pitching for Buchanan HS : LHP Paul Hart
Pitching: RHP Edgardo Rodríguez
Batting: RHB Marshall Normore 0-0: Called Strike
0-1: Ball
1-1: Ball
2-1: Ball
3-1: Base on Balls
Batting: RHB Jared Chávez 0-0: Called Strike
0-1: Sac Bunt - play at first, batter OUT! 1-3
Marshall Normore to second
Batting: RHB Phil Poole 0-0: Swinging Strike
0-1: Ball
1-1: Ball
2-1: Called Strike
2-2: Reached on error, E5 (Groundball, 6)
Marshall Normore scores
Batting: RHB Jason Ward 0-0: Ball
Phil Poole steals 3rd base
1-0: Called Strike
1-1: Swinging Strike
1-2: Foul Ball, location: 2F
1-2: Foul Ball, location: 2F
1-2: Strikes out swinging
Batting: RHB Wayne Scott 0-0: Fly out, F9 (Flyball, 89S)
Bottom of the 7th over - 1 run(s), 0 hit(s), 1 error(s), 1 left on base; Buchanan HS 3 - Maris School 18
TOP OF THE 8TH
Buchanan HS batting - Pitching for Maris School : RHP Frank Phillips
Batting: RHB Dave Sawyer 0-0: Ball
1-0: Swinging Strike
1-1: Ball
2-1: Fly out, F8 (Flyball, 8LM)
Batting: RHB Ken Miller 0-0: Called Strike
0-1: Foul Ball, location: 2F
0-2: Strikes out swinging
Batting: LHB Andrew Lockhart 0-0: Ball
1-0: Ball
2-0: Called Strike
2-1: Ball
3-1: Swinging Strike
3-2: Strikes out looking
Top of the 8th over - 0 run(s), 0 hit(s), 0 error(s), 0 left on base; Buchanan HS 3 - Maris School 18
BOTTOM OF THE 8TH
Maris School batting - Pitching for Buchanan HS : LHP Brad Bush
Pitching: LHP Brad Bush
Batting: RHB Dan Duckworth 0-0: Called Strike
0-1: Fly out, F9 (Flyball, 89M)
Batting: LHB Denny Poole 0-0: Ball
1-0: Ball
2-0: Ball
3-0: Base on Balls
Batting: RHB Denis Miller 0-0: Ball
1-0: Called Strike
1-1: Swinging Strike
1-2: Ball
2-2: DOUBLE (Flyball, 9LM)
Denny Poole to third
Batting: RHB Bruce Adams 0-0: Foul Ball, location: 2F
0-1: Ball
1-1: Ground out 6-3 (Groundball, 6M)
Denny Poole scores
Denis Miller to third
Batting: RHB Marshall Normore 0-0: Reached on Error, E9 (Flyball, 9LM)
Denis Miller scores
Batting: RHB Jared Chávez 0-0: Foul Ball, location: 2F
0-1: Called Strike
0-2: Strikes out looking
Bottom of the 8th over - 2 run(s), 1 hit(s), 1 error(s), 1 left on base; Buchanan HS 3 - Maris School 20
TOP OF THE 9TH
Buchanan HS batting - Pitching for Maris School : RHP Frank Phillips
Batting: RHB Mike Willis 0-0: Foul Ball, location: 2F
0-1: Swinging Strike
0-2: Ball
1-2: Fly out, F6 (Popup, 6S)
Batting: RHB Ryan Lyon 0-0: Swinging Strike
0-1: Ball
1-1: Ball
2-1: Foul Ball, location: 2F
2-2: Ball
3-2: Strikes out swinging
Batting: RHB Allen Miller 0-0: Ball
1-0: Swinging Strike
1-1: Called Strike
1-2: Ball
2-2: Foul Ball, location: 2F
2-2: Foul Ball, location: 2F
2-2: Strikes out swinging
Top of the 9th over - 0 run(s), 0 hit(s), 0 error(s), 0 left on base; Buchanan HS 3 - Maris School 20
This league is powered by Out of the Park Baseball, the baseball management simulation game for PC, Mac and Linux
Saturday, April 9th, 2016 - OOTP Baseball 16.8 Build 38